 Dungeon Crawl Stone Soup version 0.22-a0-756-gc33bbe721d (webtiles) character file.

36838 Banto the Covert (level 13, -8/92 HPs)
             Began as an Octopode Earth Elementalist on July 16, 2018.
             Was a High Priest of Sif Muna.
             Mangled by a seven-headed hydra (15 damage)
             ... on level 6 of the Lair of Beasts.
             The game lasted 00:44:29 (22036 turns).

Banto the Covert (Octopode Earth Elementalist)     Turns: 22036, Time: 00:44:30

Health: -8/92      AC:  5    Str:  9    XL:     13   Next: 92%
Magic:  20/21      EV: 24    Int: 21    God:    Sif Muna [*****.]
Gold:   513        SH:  4    Dex: 22    Spells: 5/23 levels left

rFire    + . .     SeeInvis .   N - +5 dagger (freeze)
rCold    . . .     Gourm    .   (no shield)
rNeg     . . .     Faith    .   (helmet restricted)
rPois    +         Spirit   .   I - +4 amulet of reflection
rElec    +         Reflect  +   n - +2 ring of protection
rCorr    .         Harm     .   s - +3 ring of dexterity
MR       .....                  u - ring of protection from fire
Stlth    ++++++....             e - +2 ring of dexterity
HPRegen  0.25/turn              A - +2 ring of evasion
MPRegen  0.17/turn              J - ring of poison resistance
                                i - +5 ring of dexterity
                                (no ring)

@: divine energy
A: almost no armour, stealthy swim, amphibious, 8 rings, constrict 8, antennae
1, slimy green scales 1, camouflage 1, blurry vision 1, electricity resistance,
gelatinous body 1
a: Stop Divine Energy, Channel Magic, Forget Spell, Renounce Religion


You were on level 6 of the Lair of Beasts.
You worshipped Sif Muna.
Sif Muna was extremely pleased with you.
You were near starving.

You visited 3 branches of the dungeon, and saw 21 of its levels.
You also visited: Labyrinth and Sewer.

You collected 1071 gold pieces.
You spent 558 gold pieces at shops.

Inventory:

Hand Weapons
 N - a +5 dagger of freezing (weapon)
Missiles
 b - 498 stones (quivered)
Magical Staves
 w - an uncursed staff of fire
 C - an uncursed staff of energy
Jewellery
 e - a +2 ring of dexterity (on tentacle)
 i - a +5 ring of dexterity (on tentacle)
 n - a +2 ring of protection (left tentacle)
 s - a +3 ring of dexterity (right tentacle)
 u - a ring of protection from fire (on tentacle)
 A - a +2 ring of evasion (on tentacle)
 I - a +4 amulet of reflection (around mantle)
 J - a ring of poison resistance (on tentacle)
 K - an uncursed ring of ice
Wands
 q - a wand of digging (18)
 r - a wand of random effects (51)
 t - a wand of disintegration (33)
 v - a wand of acid (3)
 L - a wand of flame (40)
 Q - a wand of enslavement (7)
Scrolls
 d - 3 scrolls of amnesia
 h - 7 scrolls of teleportation
 o - 4 scrolls of remove curse
 y - 3 scrolls of magic mapping
 z - 2 scrolls of fog
 F - 3 scrolls of identify
 H - 2 scrolls of enchant armour
 M - a scroll of blinking
 O - a scroll of holy word
 P - a scroll of brand weapon
 S - 2 scrolls of enchant weapon
Potions
 a - 2 potions of lignification
 f - 5 potions of flight
 g - 4 potions of agility
 j - a potion of invisibility
 k - 3 potions of brilliance
 l - 3 potions of berserk rage
 m - 2 potions of resistance
 p - 4 potions of heal wounds
 x - a potion of mutation
 D - a potion of haste
 E - 6 potions of curing
 G - a potion of ambrosia
 R - a potion of might
Miscellaneous
 B - a phial of floods
Comestibles
 c - 16 rations


   Skills:
 - Level 10.0 Fighting
 - Level 8.0 Short Blades
 - Level 10.1 Dodging
 - Level 12.0 Stealth
 + Level 5.5 Spellcasting
 + Level 7.5 Conjurations
 - Level 9.0 Transmutations
 - Level 9.0 Earth Magic


You had 5 spell levels left.
You knew the following spells:

 Your Spells              Type           Power        Failure   Level  Hunger
a - Sandblast             Erth           #####.       1%          1    None
b - Passwall              Tmut/Erth      #####...     1%          2    None
c - Stone Arrow           Conj/Erth      #####.       1%          3    ##.....
d - Petrify               Tmut/Erth      #####...     2%          4    ####...
e - Lee's Rapid Deconstr  Erth           #####.....   7%          5    #####..
f - Animate Skeleton      Necr           N/A          11%         1    None
g - Blink                 Tloc           N/A          16%         2    None

Your spell library contained the following spells:

 Spells                   Type           Power        Failure   Level  Hunger
 Cause Fear               Hex            #.........   71%         4    ####...
 Magic Dart               Conj           ####         1%          1    None
 Conjure Flame            Conj/Fire      ###.....     6%          3    ##.....
 Bolt of Magma            Conj/Fire/Erth ####......   28%         5    #####..
 Slow                     Hex            #.......     16%         2    None
 Confuse                  Hex            #.......     30%         3    ##.....
 Invisibility             Hex            #.......     100%        6    #######
 Mephitic Cloud           Conj/Pois/Air  ###.....     11%         3    ##.....
 Venom Bolt               Conj/Pois      ###.......   52%         5    #####..
 Iskenderun's Mystic Bla  Conj           #####...     4%          4    ####...
 Animate Dead             Necr           N/A          71%         4    ####...
 Pain                     Necr           #...         11%         1    None
 Vampiric Draining        Necr           #.........   30%         3    ##.....
 Call Imp                 Summ           #.......     16%         2    None
 Regeneration             Chrm/Necr      #.........   30%         3    ##.....
 Iron Shot                Conj/Erth      #####.....   45%         6    #######
 Swiftness                Chrm/Air       #.......     16%         2    None
 Confusing Touch          Hex            #.....       11%         1    None
 Ensorcelled Hibernation  Hex/Ice        #.....       16%         2    None
 Metabolic Englaciation   Hex/Ice        #.........   96%         5    #####..
 Passage of Golubria      Tloc           N/A          71%         4    ####...
 Orb of Destruction       Conj           #####.....   98%         7    #######
 Darkness                 Hex            #.........   100%        6    #######
 Iskenderun's Battlesphe  Conj/Chrm      ###.....     52%         5    #####..
 Fulminant Prism          Conj/Hex       ###.......   22%         4    ####...
 Dazzling Spray           Conj/Hex       ###...       6%          3    ##.....
 Force Lance              Conj/Tloc      ###.....     22%         4    ####...
 Searing Ray              Conj           #####.       1%          2    None
 Spellforged Servitor     Conj/Summ      ###.......   100%        7    #######
 Summon Mana Viper        Hex/Summ       #.......     96%         5    #####..
 Gell's Gravitas          Tloc           #.........   30%         3    ##.....
 Yara's Violent Unravell  Hex/Tmut       ###.......   41%         5    #####..


Dungeon Overview and Level Annotations

Branches:
Dungeon (14/15)            Temple (1/1) D:6            Lair (6/6) D:10
  Swamp (0/4) Lair:3        Snake (0/4) Lair:4        Slime (0/5) Lair:5
    Orc (0/2) D:9          Vaults (0/5) D:14

Altars:
Ashenzari
Cheibriados
Dithmenos
Elyvilon
Fedhas
Gozag
Hepliaklqana
Kikubaaqudgha
Makhleb
Nemelex Xobeh
Okawaru
Qazlal
Ru
Sif Muna
Trog
Uskayaw
Vehumet
Wu Jian
Xom
Yredelemnul
Zin
The Shining One
Jiyva

Shops:
D:8 =([:?   D:11 *   D:14 *

Portals:
Trove: D:12 (show abyssal rune of Zot)

Annotations:
D:8 exclusion: human
D:13 exclusion: 2 downstairs
Lair:1 3 runed doors, Miobiblu's ghost, journeyman TrBe
Lair:3 exclusion: 4 oklob plants
Lair:4 4 runed doors, Semoacif's ghost, journeyman GnAE


Innate Abilities, Weirdness & Mutations

You cannot wear most types of armour.
You are very stealthy in the water. (Stealth+)
You are amphibious.
You can wear up to eight rings at the same time.
You can use your tentacles to constrict eight enemies at once.
Your skin changes colour to match your surroundings (Stealth+).
Your rubbery body absorbs attacks. (AC +1, EV +1)
You have a pair of small antennae on your head.
You are partially covered in slimy green scales. (AC +2)
Scrolls take you a little longer to read.
You are resistant to electric shocks. (rElec)


Message History

You take 15 damage, and have 25/92 hp.
The seven-headed hydra closely misses you.
The seven-headed hydra completely misses you.
The seven-headed hydra bites you.
* * * LOW HITPOINT WARNING * * *
You block the seven-headed hydra's attack.
The seven-headed hydra completely misses you.
The seven-headed hydra closely misses you.
The seven-headed hydra misses you.
You take 6 damage, and have 19/92 hp.
Okay, then.
Okay, then.
The ice encasing you melts away.
You are near starving!
The seven-headed hydra barely misses you.
The seven-headed hydra bites you!
* * * LOW HITPOINT WARNING * * *
The seven-headed hydra closely misses you.
The seven-headed hydra misses you. The seven-headed hydra bites you!
You die...

............................
....(........................
............[.................
..............................
..............................
.............................#
............................#
............................#
................@###......##
...............D## ###<.###
...............k# ####
................#
................#
................#
................##
.................#
...............#.#


You could see a seven-headed hydra and a rime drake.

Vanquished Creatures
  Rupert (Lair:3)
  Nessos (Lair:4)
  A minotaur (Lab)
  7 hydras
  5 two-headed ogres
  2 death yaks (Lair:2)
  Nergalle (D:10)
  A wizard (D:13)
  A deep elf mage (D:13)
  An ugly thing (D:13)
  An elephant (D:10)
  2 manticores
  2 cyclopes
  A centaur zombie (D:12)
  2 black mambas
  4 spiny frogs
  3 rime drakes
  A torpor snail (Lair:2)
  6 komodo dragons
  A polar bear (Lair:5)
  2 trolls (D:13)
  2 tyrant leeches
  A hornet (D:8)
  6 slime creatures (D:13)
  9 hippogriffs
  A shadow (D:13)
  2 wraiths (D:9)
  2 wyverns
  4 basilisks
  A steam dragon (Lair:4)
  4 vampire mosquitoes
  3 hungry ghosts
  Menkaure (D:6)
  A soldier ant (D:11)
  A swamp worm (Lair:3)
  An acid dragon (D:13)
  6 porcupines
  5 water moccasins
  3 swamp drakes (Lair:4)
  3 orc warriors
  An ice beast (D:6)
  2 sky beasts
  2 phantoms
  An eye of draining (D:13)
  9 centaurs
  An ogre (D:14)
  3 necrophages
  6 crocodiles
  18 bullfrogs
  6 scorpions
  18 killer bees
  4 wights (D:9)
  3 howler monkeys
  A crimson imp (D:8)
  A bullfrog zombie (D:13)
  3 hounds
  5 human zombies (D:9)
  2 jellies (Lair:5)
  2 orc priests
  2 centaur skeletons
  7 orc wizards
  3 iguanas
  8 worker ants
  4 hell rats (Lair:2)
  A hound skeleton (D:8)
  10 adders
  2 shadow imps
  4 oozes
  2 adder zombies
  2 adder skeletons
  7 worms
  3 dart slugs
  8 leopard geckos
  23 orcs
  12 bats
  8 giant cockroaches
  4 goblins
  4 hobgoblins
  14 jackals
  8 kobolds
  5 quokkas
  5 ball pythons
  5 frilled lizards
  A quokka skeleton (D:7)
  13 rats
355 creatures vanquished.

Vanquished Creatures (collateral kills)
  2 hydras (Lair:2)
  A spiny frog (Lair:2)
  2 porcupines
  A water moccasin (Lair:2)
  A crocodile (Lair:5)
  A fungus (Lair:2)
8 creatures vanquished.

Vanquished Creatures (others)
  A frilled lizard (D:2)
  A kobold (D:2)
  11 fungi
  10 plants
  9 toadstools (Lair:4)
32 creatures vanquished.

Grand Total: 395 creatures vanquished

Notes
Turn   | Place    | Note
-------+----------+-------------------------------------------
     0 | D:1      | Banto the Octopode Earth Elementalist began the quest for the Orb.
     0 | D:1      | Reached XP level 1. HP: 11/11 MP: 3/3
   216 | D:1      | Reached skill level 3 in Stealth
   224 | D:1      | Reached XP level 2. HP: 2/17 MP: 1/5
  1169 | D:1      | Reached XP level 3. HP: 20/21 MP: 6/6
  1176 | D:1      | Learned a level 2 spell: Passwall
  1180 | D:1      | Learned a level 3 spell: Stone Arrow
  1270 | D:2      | Reached skill level 4 in Stealth
  1343 | D:2      | Found a radiant altar of Vehumet.
  1522 | D:2      | Reached XP level 4. HP: 22/27 MP: 7/7
  2269 | D:3      | Reached XP level 5. HP: 20/31 MP: 5/8
  2532 | D:3      | Found a glowing drain.
  2574 | Sewer    | Entered a sewer
  2905 | Sewer    | Reached skill level 5 in Stealth
  4242 | D:3      | Reached XP level 6. HP: 36/36 MP: 10/10
  4250 | D:3      | Learned a level 4 spell: Petrify
  4329 | D:4      | Noticed a phantom
  4338 | D:4      | Killed a phantom
  4856 | D:4      | Noticed a necrophage
  4871 | D:4      | Reached skill level 6 in Stealth
  4871 | D:4      | Reached XP level 7. HP: 41/41 MP: 12/12
  4997 | D:5      | Entered Level 5 of the Dungeon
  5036 | D:5      | Reached skill level 5 in Earth Magic
  5334 | D:5      | Found a burning altar of Makhleb.
  5334 | D:5      | Noticed a balrug
  5337 | D:5      | Noticed an orange demon
  5337 | D:5      | Noticed a neqoxec
  5369 | D:5      | Found a shadowy altar of Dithmenos.
  5540 | D:5      | Reached skill level 1 in Short Blades
  5540 | D:5      | Reached skill level 7 in Stealth
  5540 | D:5      | Reached XP level 8. HP: 46/46 MP: 1/14
  5957 | D:6      | Found a hazy altar of Hepliaklqana.
  5978 | D:6      | Found a glowing silver altar of Zin.
  6275 | D:6      | Found a staircase to the Ecumenical Temple.
  6286 | Temple   | Entered the Ecumenical Temple
  6333 | Temple   | Became a worshipper of Sif Muna the Loreminder
  6458 | D:6      | Reached skill level 8 in Stealth
  6555 | D:6      | Noticed Menkaure
  6564 | D:6      | Killed Menkaure
  6564 | D:6      | Reached skill level 5 in Transmutations
  6598 | D:6      | Learned a level 5 spell: Lee's Rapid Deconstruction
  6698 | D:6      | Reached XP level 9. HP: 51/51 MP: 12/15
  7207 | D:7      | Reached * piety under Sif Muna
  7579 | D:7      | Got a shimmering quarterstaff
  7824 | D:7      | Reached skill level 9 in Stealth
  8096 | D:8      | Found a sparkling altar of Nemelex Xobeh.
  8300 | D:8      | Identified the +8 quarterstaff "Cifuk" {freeze, rF- MP+9 Str+3 Int+4} (You found it on level 7 of the Dungeon)
  8310 | D:8      | Found Litas's Weapon Shop.
  8354 | D:8      | Found Coesog's Antique Armour Emporium.
  8407 | D:8      | Found Fetuo's Magic Scroll Shoppe.
  8412 | D:8      | Found Adwebivi's Book Shop.
  8437 | D:8      | Bought a scroll of identify for 26 gold pieces
  8437 | D:8      | Bought a scroll of identify for 26 gold pieces
  8437 | D:8      | Bought a scroll of identify for 26 gold pieces
  8587 | D:8      | Found Vedghug's Jewellery Shop.
  8592 | D:8      | Bought a cursed ring of loudness for 63 gold pieces
  8836 | D:8      | Found a basalt altar of Yredelemnul.
  9093 | D:9      | Noticed a two-headed ogre
  9111 | D:9      | Killed a two-headed ogre
  9111 | D:9      | Reached skill level 5 in Short Blades
  9111 | D:9      | Reached skill level 10 in Stealth
  9116 | D:9      | Reached XP level 10. HP: 56/56 MP: 13/16
  9149 | D:9      | Found a shattered altar of Ashenzari.
  9219 | D:9      | Reached ** piety under Sif Muna
  9267 | D:9      | Paralysed by a hornet for 1 turns
  9274 | D:8      | Paralysed by a hornet for 1 turns
  9582 | D:9      | Found a hide-covered altar of Uskayaw.
  9582 | D:9      | Noticed a hand axe
  9582 | D:9      | Noticed a dagger
  9976 | D:9      | Noticed a manticore
 10000 | D:9      | Killed a manticore
 10000 | D:9      | Reached skill level 11 in Stealth
 10038 | D:9      | Found an ancient bone altar of Kikubaaqudgha.
 10163 | D:9      | Found a staircase to the Orcish Mines.
 10286 | D:9      | Noticed a two-headed ogre
 10381 | D:9      | Killed a two-headed ogre
 10607 | D:9      | Gained mutation: You have a pair of small antennae on your head. [potion of mutation]
 10607 | D:9      | Gained mutation: You are resistant to electric shocks. (rElec) [potion of mutation]
 10607 | D:9      | Gained mutation: Scrolls take you a little longer to read. [potion of mutation]
 10607 | D:9      | Gained mutation: You are partially covered in slimy green scales. (AC +2) [potion of mutation]
 10615 | D:10     | Entered Level 10 of the Dungeon
 10658 | D:10     | Noticed Nergalle
 10746 | D:10     | Killed Nergalle
 10760 | D:10     | Reached XP level 11. HP: 53/61 MP: 17/17
 10935 | D:10     | Reached skill level 12 in Stealth
 11052 | D:10     | Found a staircase to the Lair.
 11074 | D:10     | Reached *** piety under Sif Muna
 11077 | D:10     | Reached skill level 1 in Fighting
 11763 | D:11     | Noticed a cyclops
 11795 | D:11     | Killed a cyclops
 11992 | D:11     | Found Jodgho's General Store.
 12059 | D:11     | Bought a scroll of identify for 26 gold pieces
 12059 | D:11     | Bought 11 stones for 14 gold pieces
 12059 | D:11     | Bought a potion of curing for 39 gold pieces
 12059 | D:11     | Bought a scroll of identify for 26 gold pieces
 12059 | D:11     | Bought a cursed +4 amulet of reflection for 312 gold pieces
 12213 | D:11     | Noticed a two-headed ogre
 12214 | D:11     | Killed a two-headed ogre
 12391 | D:11     | Found a deep blue altar of Sif Muna.
 12691 | D:12     | Noticed a cyclops
 12760 | D:12     | Killed a cyclops
 12774 | D:12     | Learned a level 1 spell: Animate Skeleton
 13404 | D:12     | Found a portal to a secret trove of treasure.
 13775 | D:13     | Found a bloodstained altar of Trog.
 13869 | D:13     | Noticed a green ugly thing
 13873 | D:13     | Noticed a two-headed ogre
 13920 | D:13     | Killed a two-headed ogre
 13920 | D:13     | Reached skill level 5 in Fighting
 14193 | D:13     | Noticed a deep elf mage
 14203 | D:13     | Killed a deep elf mage
 14208 | D:13     | Reached skill level 5 in Dodging
 14495 | D:13     | Reached XP level 12. HP: 78/78 MP: 10/18
 14838 | D:13     | Paralysed by a wizard for 3 turns
 15505 | D:14     | Found a gate to the Vaults.
 15505 | D:14     | Noticed a vault guard
 15505 | D:14     | Noticed a vault guard
 15505 | D:14     | Noticed a vault guard
 15505 | D:14     | Noticed a vault guard
 15505 | D:14     | Noticed a vault guard
 15505 | D:14     | Noticed a vault guard
 15505 | D:14     | Noticed a vault guard
 15590 | D:14     | Found Cifogeuq's Assorted Antiques.
 15590 | D:14     | Noticed a two-headed ogre
 15603 | D:13     | Killed a two-headed ogre
 15824 | Lair:1   | Entered Level 1 of the Lair of Beasts
 15850 | Lair:1   | Found a runed gate.
 15851 | Lair:1   | Noticed a 12-headed hydra
 15851 | Lair:1   | Noticed a 12-headed hydra
 15851 | Lair:1   | Noticed Miobiblu's ghost (journeyman TrBe)
 15852 | Lair:1   | Found a runed gate.
 15852 | Lair:1   | Found a runed gate.
 15950 | Lair:1   | Learned a level 2 spell: Blink
 16775 | Lair:2   | Found a labyrinth entrance.
 16805 | Lab      | Entered a labyrinth
 17126 | Lab      | Noticed a minotaur
 17138 | Lab      | Killed a minotaur
 17243 | Lab      | Identified the Guide on Beguiling
 17280 | Lair:2   | Noticed a death yak
 17283 | Lair:2   | Noticed a death yak
 17303 | Lair:2   | Killed a death yak
 17303 | Lair:2   | Reached skill level 1 in Conjurations
 17507 | Lair:2   | Noticed an eight-headed hydra
 17760 | Lair:2   | Noticed a six-headed hydra
 17768 | Lair:2   | Killed a six-headed hydra
 17798 | Lair:2   | Noticed an eight-headed hydra
 17804 | Lair:2   | Killed an eight-headed hydra
 17814 | Lair:2   | Killed an eight-headed hydra
 18218 | Lair:2   | Killed a death yak
 18218 | Lair:2   | Reached XP level 13. HP: 78/90 MP: 11/19
 18796 | Lair:3   | Reached **** piety under Sif Muna
 18872 | Lair:3   | Found a staircase to the Swamp.
 18874 | Lair:3   | Noticed Rupert
 18971 | Lair:3   | Killed Rupert
 18971 | Lair:3   | Reached skill level 5 in Conjurations
 19682 | Lair:4   | Found a runed gate.
 19682 | Lair:4   | Found a runed gate.
 19682 | Lair:4   | Found a runed gate.
 19689 | Lair:4   | Noticed Semoacif's ghost (journeyman GnAE)
 19756 | Lair:4   | Reached skill level 10 in Fighting
 19766 | Lair:4   | Found a viscous altar of Jiyva.
 20290 | Lair:4   | Found a staircase to the Snake Pit.
 20291 | Lair:4   | Noticed Nessos
 20300 | Lair:4   | Killed Nessos
 20388 | Lair:4   | Reached skill level 10 in Dodging
 20611 | Lair:4   | Found a runed door.
 21039 | Lair:5   | Found a sacrificial altar of Ru.
 21040 | Lair:5   | Reached skill level 5 in Spellcasting
 21132 | Lair:5   | Found a runed door.
 21132 | Lair:5   | Found a viscous altar of Jiyva.
 21135 | Lair:5   | Found a staircase to the Slime Pits.
 21206 | Lair:5   | Reached ***** piety under Sif Muna
 21825 | Lair:6   | Entered Level 6 of the Lair of Beasts
 22036 | Lair:6   | Mangled by a seven-headed hydra

Vault maps used:
D:1:      dpeg_arrival_windows_large_door
D:2:      fiery_altar_vehumet, grunt_ministairs_3, minmay_misc_feat_room
D:3:      lightli_sewer_entry_pipes, kennysheep_decorative_pillar,
          minmay_misc_feat_five, grunt_decor_one_mirror
D:4:      dk_rats_in_the_wall
D:5:      nicolae_dithmenos_the_darkroom, first_ration, hangedman_decor_points,
          makhleb_altar_promises_db
D:6:      overflow_temple_1_default, lemuel_round_altar, temple_hall,
          solitary_fountain, uniq_menkaure
D:8:      marbit_many_paths, overflow_temple_1_default, serial_shops,
          kennysheep_little_box, shop, shop_statue, shop_fountains,
          shop_fountains, serial_glass, glass_columns_b, glass_columns_b,
          grunt_livestock
D:9:      dancing_weapons_uskayaw, lemuel_mausoleum_altar_kikubaaqudgha,
          basic_altar, hangedman_decor_slide_cut
D:10:     david_lair_generic, uniq_nergalle
D:11:     serial_shops, nicolae_shop_trees, serial_bayou_pond_d,
          roderic_serpentine_path, lemuel_blue_sif_altar
D:12:     enter_trove_2
D:13:     basic_altar
D:14:     erik_vaults_2, serial_shops, nicolae_shop_statue_plus
Temple:   nicolae_temple_god_jail
Lair:1:   gammafunk_ghost_hydra_chop, serial_bayou_shore_b, lemuel_fruit_tree
Lair:2:   lab_entry_generic
Lair:3:   minmay_swamp_entry_worms, minmay_lair_oklob_chamber,
          grunt_megastairs_5, uniq_rupert
Lair:4:   gammafunk_lair_enchanted_lake, dummy_snake_entry,
          gammafunk_ghost_ooze, guppyfry_lair_drakes, uniq_nessos
Lair:5:   slime_altar_2, nicolae_quartered_pool_little, lemuel_centaur_altar
Lair:6:   cheibrodos_lair_end_hotspot, wad_woods_02
Lab:      nicolae_lab_dead_adventurers, labyrinth_lava_lair, labyrinth_glass_1,
          nicolae_lab_stuck, nicolae_lab_x, nicolae_lab_lava, lab_hedge,
          nicolae_lab_statue, lab_block, nicolae_lab_checkerboard
Sewer:    sewer_fruit_machine

Skill      XL: |  1  2  3  4  5  6  7  8  9 10 11 12 13 |
---------------+----------------------------------------+-----
Stealth        | 3 4 5 6 7 8 10 11 12 | 12.0
Earth Magic    | 4 5 6 7 8 9 |  9.0
Transmutations | 2 3 4 5 6 8 9 |  9.0
Spellcasting   | 3 4 5 |  5.5
Short Blades   | 1 3 5 7 8 |  8.0
Fighting       | 5 9 10 | 10.0
Dodging        | 5 8 10 | 10.1
Conjurations   | 3 7 |  7.5

Action                   |  1- 3 |  4- 6 |  7- 9 | 10-12 | 13-15 || total
-------------------------+-------+-------+-------+-------+-------++-------
Melee: Dagger            |    49 |   197 |    89 |   209 |   145 ||   689
       Tentacles         |     5 |    23 |     9 |    55 |    39 ||   131
       Unarmed           |     3 |       |       |       |       ||     3
       Constrict         |    14 |    47 |    14 |    28 |    11 ||   114
Throw: Stone             |       |       |       |     1 |       ||     1
 Cast: Sandblast         |    13 |    30 |    30 |   152 |    20 ||   245
       Passwall          |       |     3 |    14 |     9 |     9 ||    35
       Petrify           |       |       |    11 |    85 |    44 ||   140
       Stone Arrow       |       |       |     2 |     7 |     2 ||    11
       Animate Skeleton  |       |       |       |    11 |     6 ||    17
       Lee's Rapid Decon |       |       |       |     5 |       ||     5
Invok: Divine Energy     |       |       |     1 |       |       ||     1
Evoke: Wand              |       |       |       |     5 |       ||     5
       Phial of floods   |       |       |       |     1 |       ||     1
  Use: Scroll            |       |     9 |    12 |    10 |     1 ||    32
       Potion            |       |       |       |     3 |       ||     3
 Stab: Sleeping          |    11 |    20 |    27 |    22 |    19 ||    99
       Distracted        |     1 |       |     1 |     2 |       ||     4
       Petrified         |       |       |    10 |    43 |    24 ||    77
       Petrifying        |       |       |     1 |    10 |     3 ||    14
  Eat: Chunk             |     2 |     9 |    14 |    25 |    12 ||    62
       Ration            |       |       |     1 |     7 |     2 ||    10
Armor: Skin              |     6 |    26 |     6 |    40 |     9 ||    87
Dodge: Dodged            |    28 |   138 |    53 |   216 |   112 ||   547
Block: Other             |       |       |       |    22 |    23 ||    45
       Reflection        |       |       |       |     1 |       ||     1

Table legend:
 A = Spawn XP
 B = Non-spawn XP
 C = Spawn XP percentage of total XP
 D = Spawn monster count
 E = Non-spawn monster count
 F = Spawn count percentage of total count
 G = Total turns spent on level
                    A         B        C        D         E        F      G
               +---------+---------+-------+---------+---------+-------+---------
         Total |       0 |   52627 |   0.0 |       0 |     362 |   0.0 | 22036
               +---------+---------+-------+---------+---------+-------+---------
           D:1 |       0 |      34 |   0.0 |       0 |      19 |   0.0 |  1258
           D:2 |       0 |      74 |   0.0 |       0 |      27 |   0.0 |   967
           D:3 |       0 |     159 |   0.0 |       0 |      32 |   0.0 |  1062
           D:4 |       0 |     425 |   0.0 |       0 |       8 |   0.0 |   672
           D:5 |       0 |     473 |   0.0 |       0 |       8 |   0.0 |   584
           D:6 |       0 |    1150 |   0.0 |       0 |      19 |   0.0 |  1130
           D:7 |       0 |     596 |   0.0 |       0 |      11 |   0.0 |  1316
           D:8 |       0 |     492 |   0.0 |       0 |       8 |   0.0 |  1169
           D:9 |       0 |    4809 |   0.0 |       0 |      41 |   0.0 |  1354
          D:10 |       0 |    3086 |   0.0 |       0 |      19 |   0.0 |  1110
          D:11 |       0 |    1987 |   0.0 |       0 |       8 |   0.0 |   787
          D:12 |       0 |    1945 |   0.0 |       0 |      17 |   0.0 |  1457
          D:13 |       0 |    7890 |   0.0 |       0 |      28 |   0.0 |  1805
          D:14 |       0 |     270 |   0.0 |       0 |       3 |   0.0 |    50
        Lair:1 |       0 |    1854 |   0.0 |       0 |       8 |   0.0 |  1133
        Lair:2 |       0 |    6421 |   0.0 |       0 |      21 |   0.0 |  1178
        Lair:3 |       0 |    7698 |   0.0 |       0 |      21 |   0.0 |  1314
        Lair:4 |       0 |    7251 |   0.0 |       0 |      19 |   0.0 |  1015
        Lair:5 |       0 |    3627 |   0.0 |       0 |      16 |   0.0 |  1011
        Lair:6 |       0 |    1317 |   0.0 |       0 |       3 |   0.0 |   111
           Lab |       0 |    1003 |   0.0 |       0 |       1 |   0.0 |   450
         Sewer |       0 |      66 |   0.0 |       0 |      25 |   0.0 |  1042
               +---------+---------+-------+---------+---------+-------+---------

Table legend:
 A = Turns spent in this place as a percentage of turns spent in the entire game.
 B = Non-inter-level travel turns spent in this place as a percentage of non-inter-level travel turns spent in the entire game.
 C = Inter-level travel turns spent in this place as a percentage of turns spent in this place.
 D = Turns resting spent in this place as a percentage of non-inter-level travel turns spent in this place.
 E = Turns spent auto-exploring this place as a percentage of non-inter-level travel turns spent in this place.
 F = Non-inter-level travel turns spent in this place divided by the number of levels of this place that you've seen.
                   A       B       C       D       E      F
               +-------+-------+-------+-------+-------+----------------------
         Total | 100.0 | 100.0 |   4.7 |  29.3 |  43.3 | 913.4
       Dungeon |  66.8 |  66.8 |   4.7 |  29.6 |  43.6 | 1001.7
        Temple |   0.3 |   0.2 |  19.7 |   0.0 |  79.6 |  49.0
          Lair |  26.1 |  25.9 |   5.5 |  21.3 |  49.7 | 907.3
     Labyrinth |   2.0 |   2.1 |   0.0 |  64.4 |   0.0 | 450.0
         Sewer |   4.7 |   5.0 |   0.0 |  54.5 |  22.4 | 1042.0
               +-------+-------+-------+-------+-------+----------------------

Table legend:
 A = Kills in this place as a percentage of kills in entire the game.
 B = Kills by you in this place as a percentage of kills by you in the entire game.
 C = Kills by friends in this place as a percentage of kills by friends in the entire game.
 D = Other kills in this place as a percentage of other kills in the entire game.
 E = Experience gained in this place as a percentage of experience gained in the entire game.
 F = Experience gained in this place divided by the number of levels of this place that you have seen.
                   A       B       C       D       E      F
               +-------+-------+-------+-------+-------+----------------------
         Total | 100.0 | 100.0 | 100.0 |   N/A | 100.0 | 2288.1
       Dungeon |  68.5 |  69.9 |   0.0 |   N/A |  44.4 | 1670.7
          Lair |  24.3 |  22.8 | 100.0 |   N/A |  53.5 | 4694.7
     Labyrinth |   0.3 |   0.3 |   0.0 |   N/A |   1.9 | 1003.0
         Sewer |   6.9 |   7.0 |   0.0 |   N/A |   0.1 |  66.0
               +-------+-------+-------+-------+-------+----------------------
